[Event "*** Titled Tuesday Blitz"]
[Site "Chess.com"]
[Date "2021.03.09"]
[Round "7"]
[White "UmarovSabir"]
[Black "LileKoridze"]
[Result "1-0"]
[WhiteElo "2293"]
[BlackElo "2419"]
[TimeControl "180+1"]
[EndTime "11:21:54 PST"]
[Termination "UmarovSabir won by checkmate"]

1. e4 c5 2. Nf3 d6 3. d4 cxd4 4. Qxd4 Nc6 5. Qe3 Nf6 6. Be2 g6 7. O-O Bg7 8. c4 O-O 9. Nc3 a6 10. Rd1 Nd7 11. b3 Nc5 12. Bb2 b6 13. h3 Bb7 14. Rac1 Rc8 15. Ba1 Ne5 16. Nd4 Qc7 17. Nd5 Bxd5 18. cxd5 Qb7 19. f4 Ned7 20. Nc6 Rfe8 21.
Bxg7 Kxg7 22. b4 Na4 23. e5 dxe5 24. fxe5 e6 25. dxe6 Rxe6 26. b5 axb5 27. Bxb5 Nac5 28. Rd6 Rxd6 29. exd6 Rxc6 30. Bxc6 Qxc6 31. Qd4+ f6 32. Re1 Kf8 33. Re7 Ne5 34. Rxh7 Ne6 35. Qh4 Qxd6 36. Qxf6+ Kg8 37. Rh8# 1-0

[Event "*** Titled Tuesday Blitz"]
[Site "Chess.com"]
[Date "2021.03.09"]
[Round "7"]
[White "buhomurciano"]
[Black "JiiHart"]
[Result "0-1"]
[WhiteElo "2206"]
[BlackElo "2074"]
[TimeControl "180+1"]
[EndTime "11:21:54 PST"]
[Termination "JiiHart won on time"]

1. e4 c5 2. Nc3 Nc6 3. Bb5 g6 4.
Bxc6 dxc6 5. d3 Bg7 6. Be3 b6 7. f4 Nf6 8. Nf3 Ng4 9. Bg1 O-O 10. Qd2 a5 11. h3 Nf6 12. g4 a4 13. a3 Qc7 14. f5 Rd8 15. Bh2 Qb7 16. Qg2 b5 17. h4 b4 18. axb4 cxb4 19. Nd1 a3 20.
bxa3 bxa3 21. Rc1 a2 22. h5 a1=Q 23. Rxa1 Rxa1 24. hxg6 fxg6 25. fxg6 Qb1 26. O-O Qb6+ 27. Kh1 Nxg4 28. gxh7+ Kh8 29. Ng5 Nh6 30. Bg1 Qb5 31. Be3 Qe5 32. Qf2 Be6 33. Bf4 Qf6 34. e5 Qg6 35. Rg1 Qh5+ 36. Bh2 Bd5+ 0-1

[Event "*** Titled Tuesday Blitz"]
[Site "Chess.com"]
[Date "2021.03.09"]
[Round "7"]
[White "GigaQuparadze"]
[Black "Hikaru"]
[Result "0-1"]
[WhiteElo "2964"]
[BlackElo "3174"]
[TimeControl "180+1"]
[EndTime "11:21:55 PST"]
[Termination "Hikaru won by resignation"]

1. e4 c6 2. d4 d5 3. Nc3 g6 4. h3 Bg7 5. Nf3 dxe4 6. Nxe4 Nf6 7. Bd3 O-O 8. O-O Nbd7 9. Nxf6+ exf6 10. c3 Re8 11.
Re1 Rxe1+ 12. Qxe1 Qc7 13. Be3 Nb6 14. Qd2 Be6 15.
Bf4 Qd7 16. Bg3 a5 17. Bf1 a4 18. Qc2 Nc4 19. Nd2 Nxd2 20. Qxd2 b5 21. Qc2 Bf8 22. a3 Bb3 23. Qd3 Re8 24. Qd2 h5 25. Re1 Rxe1 26.
Qxe1 Bh6 27. Qe4 Bd5 28. Qc2 Qe6 29. Qb1 Ba2 30. Qa1 Bb3 31. Bd3 Bd5 32. Qd1 Kg7 33.
Qb1 Bg5 34. h4 Bh6 35. Qd1 Bb3 36. Qb1 Kg8 37. Qf1 Qg4 38. Be2 Qf5 39. Bf3 Bd5 40.
Bxd5 Qxd5 41. Qe2 Kg7 42. f3 Qa2 43. f4 Qd5 44. Kf2 Kg8 45. Qf3 Qb3 46. Qe2 Bf8 47. f5 Kg7 48. fxg6 fxg6 49. Bf4 Kf7 50. g3 Qd5 51. Qf3 Qxf3+ 52. Kxf3 Ke6 53. Ke4 Bd6 54. d5+ cxd5+ 55. Kd4 Bxf4 56. gxf4 g5 57. fxg5 fxg5 58.
hxg5 h4 59. Ke3 Kf5 0-1

[Event "*** Titled Tuesday Blitz"]
[Site "Chess.com"]
[Date "2021.03.09"]
[Round "7"]
[White "Fighter008"]
[Black "Vasily85"]
[Result "1-0"]
[WhiteElo "2623"]
[BlackElo "2427"]
[TimeControl "180+1"]
[EndTime "11:21:55 PST"]
[Termination "Fighter008 won by checkmate"]

1. e4 c5 2. Nf3 e6 3. d4 cxd4 4. Nxd4 Nc6 5. Nc3 Qc7 6. Be3 a6 7. Qf3 Nf6 8. O-O-O Ne5 9. Qg3 b5 10. f4 Neg4 11. e5 Nxe3 12. Qxe3 b4 13. Ne4 Nxe4 14.
Qxe4 Bb7 15. Qe3 Bc5 16. Qg3 O-O 17. Nb3 Bb6 18. Bd3 a5 19. Kb1 a4 20. Nd2 Bd5 21.
Ne4 Bxe4 22. Bxe4 Rac8 23. Qd3 Rfd8 24. Bxh7+ Kf8 25. Be4 a3 26. b3 Qa7 27. f5 exf5 28. Bxf5 Rc3 29. Qd6+ Kg8 30. Qxb4 Qc7 31. e6 Qe5 32.
exf7+ Kxf7 33. Rhf1 Rf3 34. Bg6+ Kg8 35. Qxa3 Rxf1 36. Rxf1 Qe2 37. Bd3 Qe3 38. Qb4 Bd4 39.
Qc4+ d5 40. Qc7 Re8 41. Qf7+ Kh8 42. Qh5+ Qh6 43. Qxe8# 1-0

[Event "*** Titled Tuesday Blitz"]
[Site "Chess.com"]
[Date "2021.03.09"]
[Round "7"]
[White "Supernotar"]
[Black "Skat2704"]
[Result "0-1"]
[WhiteElo "2719"]
[BlackElo "2596"]
[TimeControl "180+1"]
[EndTime "11:21:56 PST"]
[Termination "Skat2704 won on time"]

1. d4 d5 2. c4 e6 3. Nf3 Be7 4. e3 Nf6 5. Nbd2 O-O 6. Bd3 b6 7. O-O Bb7 8. Qe2 Nbd7 9. e4 dxe4 10. Nxe4 Nxe4 11. Bxe4 Bxe4 12. Qxe4 c5 13. Rd1 Nf6 14. Qe2 Qc7 15. b3 Rfd8 16. Bb2 a5 17. Rd3 a4 18. Rad1 axb3 19. axb3 Ra2 20. R3d2 h6 21. h3 Qa7 22. dxc5 Rxd2 23. Rxd2 bxc5 24. Ne5 Qb7 25. Qd3 Ne4 26. Re2 Nd6 27. Kh2 Nf5 28. Nf3 Qb8+ 29. g3 Ra7 30. Be5 Qb7 31. Qc3 f6 32. Bf4 e5 33. Bc1 e4 34. Nd2 Nd4 35. Rxe4 f5 36. Re3 Bf6 37. Qd3 Ra1 38. Re1 Ra2 39. Kg1 Bg5 40. f4 Bf6 41.
Kf2 Nxb3 42. Re2 Bd4+ 0-1

[Event "*** Titled Tuesday Blitz"]
[Site "Chess.com"]
[Date "2021.03.09"]
[Round "7"]
[White "XDPS"]
[Black "Meri-Arabidze"]
[Result "1/2-1/2"]
[WhiteElo "2720"]
[BlackElo "2580"]
[TimeControl "180+1"]
[EndTime "11:21:56 PST"]
[Termination "Game drawn by repetition"]

1. e4 c5 2. Nf3 e6 3. d4 cxd4 4. Nxd4 Nc6 5. Nb5 d6 6. c4 Nf6 7. N1c3 a6 8. Na3 Be7 9. Be2 b6 10. O-O Bb7 11. Be3 O-O 12. Qb3 Nd7 13. Rfd1 Nc5 14. Qc2 Qc7 15. Rd2 Rac8 16. Rad1 Qb8 17. Bf4 Rfd8 18. f3 Ne5 19. b4 Ncd7 20. Qb3 h6 21. Kh1 Nf8 22. Bg3 g5 23. Na4 Bc6 24. b5 axb5 25. Nxb5 Nfg6 26. Bf2 Nd7 27. Nxd6 Bxd6 28.
Rxd6 Bxa4 29. Qxa4 Nc5 30. Rxd8+ Rxd8 31. Rxd8+ Qxd8 32. Qc2 Nf4 33. Bf1 Qd7 34. Be3 e5 35. Bxc5 bxc5 36. a4 Qd4 37. Qb1 Qc3 38. h3 h5 39.
Kh2 Kg7 40. Qb8 Qa1 41. Kg1 Qd4+ 42. Kh2 Qa1 43. Kg1 Qd4+ 44. Kh2 Qa1 1/2-1/2

[Event "*** Titled Tuesday Blitz"]
[Site "Chess.com"]
[Date "2021.03.09"]
[Round "7"]
[White "Harry_Rakkel"]
[Black "erdni1993"]
[Result "0-1"]
[WhiteElo "2631"]
[BlackElo "2534"]
[TimeControl "180+1"]
[EndTime "11:21:56 PST"]
[Termination "erdni1993 won on time"]

1. e4 c5 2. Nf3 e6 3. d4 cxd4 4. Nxd4 Nc6 5. Nc3 Qc7 6. Be3 Nf6 7. a3 a6 8. f4 b5 9. e5 Nd5 10. Nxd5 exd5 11. Bd3 d6 12. Nxc6 Qxc6 13. O-O dxe5 14. fxe5 Be6 15. Kh1 Bc5 16. Bxc5 Qxc5 17. Qh5 d4 18. Rf4 g6 19. Qg5 Qe7 20. Rf6 Ra7 21.
Raf1 Rc7 22. Qf4 Rc5 23. Qxd4 Rd5 24. Qf4 Qc7 25. Rxe6+ fxe6 26. Qf6 Qxe5 27. Qf7+ Kd8 28. Qb7 Qc7 29. Qxa6 Ke7 30. h3 Rf8 31. Re1 Re5 32. Rxe5 Qxe5 33. Qxb5 Qe1+ 34. Kh2 Qe3 35. Qb7+ Kf6 36.
Qe4 Qf2 37. a4 Kg7 38. a5 Qc5 39. b4 Qd6+ 40. Kh1 Rf4 41. Qe3 Rxb4 0-1

[Event "*** Titled Tuesday Blitz"]
[Site "Chess.com"]
[Date "2021.03.09"]
[Round "7"]
[White "Cptn2"]
[Black "Witik"]
[Result "1-0"]
[WhiteElo "2462"]
[BlackElo "2609"]
[TimeControl "180+1"]
[EndTime "11:21:56 PST"]
[Termination "Cptn2 won by resignation"]

1. e4 c6 2. d4 d5 3. Nd2 dxe4 4.
Nxe4 Nf6 5. Nxf6+ exf6 6. Bc4 Be7 7. Nf3 O-O 8. O-O Nd7 9. h3 Nb6 10. Bb3 a5 11. c3 Bf5 12. Bc2 Qd7 13. Re1 Bd6 14. Nh4 Bxc2 15. Qxc2 Rfe8 16. Bd2 g6 17. c4 Bc7 18. Nf3 Re6 19. Rxe6 Qxe6 20. b3 a4 21. Re1 Qd7 22. b4 Re8 23. c5 Nd5 24. Qxa4 Rd8 25. Qb3 Kg7 26. a4 g5 27. b5 h5 28. Qd3 Bb8 29. b6 Rh8 30. a5 h4 31.
Nh2 Rh6 32. Ng4 Rg6 33. Kh1 Qc8 34. Qf3 Qd7 35. Qe4 f5 36. Qe8 Qxe8 37. Rxe8 Bf4 38. Bxf4 Nxf4 39. Ne5 Rh6 40. a6 bxa6 41. b7 1-0

[Event "*** Titled Tuesday Blitz"]
[Site "Chess.com"]
[Date "2021.03.09"]
[Round "7"]
[White "andrewtnb"]
[Black "guillembaches"]
[Result "0-1"]
[WhiteElo "2320"]
[BlackElo "2466"]
[TimeControl "180+1"]
[EndTime "11:21:56 PST"]
[Termination "guillembaches won on time"]

1. d4 Nf6 2. c4 e6 3. Nc3 Bb4 4.
e3 O-O 5. Ne2 c6 6. g3 d5 7. Qb3 a5 8. Bg2 b6 9. a3 Bd6 10. O-O Nbd7 11. cxd5 exd5 12. e4 dxe4 13. Nxe4 Nxe4 14. Bxe4 Ba6 15. Nc3 Bxf1 16. Kxf1 Rc8 17.
Be3 Re8 18. Rd1 Nf6 19. Bg2 Ng4 20. Ne4 Nxh2+ 21. Kg1 Ng4 22. Bg5 Be7 23. Bxe7 Rxe7 24. d5 cxd5 25. Nc3 d4 26. Nd5 Re5 27. Bf3 Nf6 28.
Rxd4 Nxd5 29. Bxd5 Qc7 30. Rc4 Qd8 31. Bxf7+ Kh8 32. Rxc8 Qxc8 33. Qxb6 h6 34. Qd6 Re1+ 35. Kg2 Qa8+ 36. Bd5 Qe8 37. b4 axb4 38. axb4 Rd1 39. Qc6 Qd8 40. Bf3 Rd6 41. Qc5 Qb6 0-1

[Event "*** Titled Tuesday Blitz"]
[Site "Chess.com"]
[Date "2021.03.09"]
[Round "7"]
[White "tusplingher"]
[Black "freshfoodcompany"]
[Result "1-0"]
[WhiteElo "2314"]
[BlackElo "2433"]
[TimeControl "180+1"]
[EndTime "11:21:56 PST"]
[Termination "tusplingher won by checkmate"]

1. e4 c6 2. Nc3 d5 3. Nf3 dxe4 4.
Nxe4 Nf6 5. Qe2 Nxe4 6. Qxe4 Nd7 7. d4 Nf6 8. Qd3 g6 9. c3 Bf5 10. Qc4 Bg7 11. Qb3 Qb6 12. Bc4 O-O 13. Ne5 Nd5 14. Bxd5 cxd5 15. Qxd5 Rad8 16. Qb3 Qa6 17. Qc4 Qa5 18. Bf4 Qb6 19. O-O Qxb2 20. Qb3 Qxb3 21. axb3 a6 22. Rfe1 Be6 23. Nc4 Rc8 24. Rab1 b5 25.
Ne5 Rxc3 26. b4 Rd8 27. Be3 f6 28. Nf3 Bf5 29. Ra1 Rd6 30. Bf4 e5 31. dxe5 fxe5 32. Nxe5 Re6 33. Nf3 Rxe1+ 34. Rxe1 Rc4 35. Bd6 Kf7 36.
Ng5+ Kf6 37. Nxh7+ Kf7 38. Bc5 Bc3 39. Re7+ Kg8 40.
Ng5 Bf6 41. Re8+ Kg7 42. Bf8+ Kg8 43. Bh6# 1-0

[Event "*** Titled Tuesday Blitz"]
[Site "Chess.com"]
[Date "2021.03.09"]
[Round "7"]
[White "GMJustin"]
[Black "Unknown_IM"]
[Result "1-0"]
[WhiteElo "2275"]
[BlackElo "2378"]
[TimeControl "180+1"]
[EndTime "11:21:56 PST"]
[Termination "GMJustin won by checkmate"]

1. e4 e6 2. d4 d5 3. Nd2 Nf6 4. e5 Nfd7 5. Bd3 Nc6 6. c3 f6 7. Qh5+ Ke7 8. f4 f5 9. Ngf3 g6 10. Qh3 Bg7 11. g4 Nf8 12. gxf5 exf5 13. Qg2 Ne6 14.
Nf1 Bd7 15. Bd2 Kf7 16. h4 Ne7 17. h5 c5 18. Ng5+ Nxg5 19. Qxg5 Nc6 20. Qg2 Be6 21.
dxc5 d4 22. c4 Qe7 23. b4 a5 24. b5 Nd8 25. Rg1 Kf8 26. hxg6 h6 27. Ng3 Qd7 28. O-O-O Ke8 29. Qh3 Rf8 30. Nh5 Qe7 31. Nf6+ Bxf6 32. exf6 Qxf6 33. Qxh6 Rg8 34. Rde1 Kd7 35. Qh7+ Kc8 36.
g7 Bf7 37. Qh3 Be6 38. Rxe6 Nxe6 39. Bxf5 Rxg7 40. Bxe6+ Kc7 41. Rxg7+ Qxg7 42. f5 Qg1+ 43. Kc2 Qf2 44. Qg4 Rd8 45. Qf4+ Qxf4 46. Bxf4+ Rd6 47. Bxd6+ Kd8 48. f6 Ke8 49. f7+ Kd8 50. f8=R# 1-0

[Event "*** Titled Tuesday Blitz"]
[Site "Chess.com"]
[Date "2021.03.09"]
[Round "7"]
[White "eCztery"]
[Black "Vesper2018"]
[Result "1-0"]
[WhiteElo "2450"]
[BlackElo "2567"]
[TimeControl "180+1"]
[EndTime "11:21:57 PST"]
[Termination "eCztery won on time"]

1. e4 c5 2. Nf3 d6 3. d4 cxd4 4. Qxd4 Nc6 5. Bb5 Bd7 6. Bxc6 Bxc6 7. Nc3 Nf6 8. Bg5 e6 9. O-O-O Be7 10. Rhe1 O-O 11. Kb1 Qa5 12. Qd2 Qa6 13. Nd4 b5 14. Bxf6 Bxf6 15. Nxc6 Qxc6 16. Qxd6 Qc4 17. e5 Rfd8 18.
Qa6 Bxe5 19. Qxb5 Rxd1+ 20. Rxd1 Qxb5 21. Nxb5 Rb8 22. Nd4 Rd8 23. c3 Bxh2 24. Rh1 Bc7 25. Kc2 a5 26. a4 Bb6 27. Nc6 Rd6 28. Ne5 Bxf2 29. Rf1 Bg3 30. Nxf7 Rd5 31. b4 axb4 32. cxb4 Bc7 33. a5 h6 34. Kb3 e5 35. Kc4 Rd4+ 36. Kc5 Rd7 37. Kc6 Rxf7 38. Rxf7 Kxf7 39. a6 Bb8 40. Kb7 Ba7 41. Kxa7 e4 42. Kb6 e3 43. a7 e2 44. a8=Q e1=Q 45. Qd5+ Kg6 46. b5 h5 47. Kc7 Qc3+ 48. Qc6+ Qxc6+ 49. bxc6 Kh6 50. Kd7 g5 51. c7 1-0

[Event "*** Titled Tuesday Blitz"]
[Site "Chess.com"]
[Date "2021.03.09"]
[Round "7"]
[White "catzapto"]
[Black "jd001"]
[Result "0-1"]
[WhiteElo "2092"]
[BlackElo "2222"]
[TimeControl "180+1"]
[EndTime "11:21:57 PST"]
[Termination "jd001 won by checkmate"]

1. e4 e6 2. d4 d5 3. Nd2 Nf6 4. e5 Nfd7 5. Bd3 c5 6. c3 Nc6 7. Ne2 cxd4 8. cxd4 f6 9. exf6 Nxf6 10. O-O Bd6 11.
Nf3 Qc7 12. Bg5 O-O 13. Rc1 a6 14. Bb1 Nh5 15. Qd3 g6 16. Bh6 Ng7 17. Ng3 Bf4 18. Bxf4 Qxf4 19. Qe3 Bd7 20. Rfe1 Rac8 21. h3 Qf6 22.
Ne5 Nxe5 23. dxe5 Qe7 24. Rxc8 Rxc8 25. Rc1 Rxc1+ 26. Qxc1 Bc6 27. a3 Qc7 28. b4 Qxe5 29.
Kh2 d4 30. f3 Nh5 31. f4 Qxf4 32. Qxf4 Nxf4 33. Be4 d3 34. Bxc6 bxc6 35. Ne4 Kf7 36. g3 Nd5 37. Kg2 e5 38. Kf2 Ke6 39. Ng5+ Kf5 40. Nxh7 e4 41. h4 e3+ 42. Kf3 d2 43.
Ke2 Nc3+ 44. Kxe3 d1=Q 45. Ng5 Nd5+ 46. Kf2 Qc2+ 47. Kf3 Qc3+ 48. Kg2 Qxa3 49. Kh3 Qxb4 50. g4+ Qxg4+ 51. Kh2 Qxh4+ 52. Nh3 Nf4 53. Kg1 Qg3+ 54. Kh1 Qxh3+ 55. Kg1 Qg2# 0-1

[Event "*** Titled Tuesday Blitz"]
[Site "Chess.com"]
[Date "2021.03.09"]
[Round "7"]
[White "ShimanovAlex"]
[Black "Zhigalko_Sergei"]
[Result "1/2-1/2"]
[WhiteElo "2798"]
[BlackElo "2937"]
[TimeControl "180+1"]
[EndTime "11:21:58 PST"]
[Termination "Game drawn by repetition"]

1. d4 Nf6 2. Bf4 e6 3. e3 d5 4.
Nf3 Bd6 5. Bxd6 Qxd6 6. c4 O-O 7. Nc3 c6 8. Rc1 Nbd7 9. a3 Qe7 10. Be2 dxc4 11.
Bxc4 e5 12. O-O e4 13. Nd2 Nb6 14.
Ba2 Bg4 15. Qc2 Rae8 16. Rfe1 h5 17. Na4 Nbd5 18. Nc5 h4 19. Bc4 b6 20. Ncxe4 Nxe4 21.
Qxe4 Qxe4 22. Nxe4 Rxe4 23. Bxd5 cxd5 24. f3 Bxf3 25. gxf3 Re6 26. Rc7 Rfe8 27. Kf2 h3 28. Rc3 f5 29. f4 Rg6 30. Rg1 Rxg1 31. Kxg1 Re6 32. Kf1 Kh7 33. a4 a5 34. Rd3 Rc6 35. Rc3 Rxc3 36. bxc3 b5 37. axb5 a4 38. b6 a3 39. b7 a2 40. b8=Q a1=Q+ 41. Ke2 Qh1 42. Qe8 Qxh2+ 43. Kd3 Qg2 44. Qh5+ Kg8 45. Qe8+ Kh7 46.
Qh5+ Kg8 47. Qe8+ Kh7 1/2-1/2

[Event "*** Titled Tuesday Blitz"]
[Site "Chess.com"]
[Date "2021.03.09"]
[Round "7"]
[White "Legendinunknown"]
[Black "Sergey85Rodchenkov"]
[Result "1-0"]
[WhiteElo "2637"]
[BlackElo "2506"]
[TimeControl "180+1"]
[EndTime "11:21:58 PST"]
[Termination "Legendinunknown won by resignation"]

1. d4 Nf6 2. c4 e6 3. Nc3 Bb4 4. f3 Nh5 5. g3 f5 6. e3 O-O 7. Bd3 d6 8. Ne2 Nc6 9. O-O Nf6 10. a3 Bxc3 11. Nxc3 e5 12. dxe5 dxe5 13. Be2 Be6 14. Qxd8 Raxd8 15. b3 Na5 16. Rb1 c5 17. Rd1 Rxd1+ 18.
Nxd1 Rd8 19. Kf2 b6 20. Ke1 Kf7 21. Bd2 Nc6 22. Nf2 a5 23. Bc3 Bc8 24. Rd1 Rxd1+ 25. Kxd1 Ke6 26. Kc2 Bb7 27. f4 g6 28. Nd3 e4 29.
Ne5 Nxe5 30. Bxe5 h5 31. Bc7 Nd7 32. Kc3 Bc6 33. Bd1 Kf6 34. b4 axb4+ 35. axb4 Ke6 36.
Kb3 Kf6 37. Ka3 Ke6 38. Ba4 cxb4+ 39. Kxb4 Bxa4 40. Kxa4 Nc5+ 41. Kb5 Kd7 42. Bxb6 Nd3 43. c5 Ne1 44. c6+ Kc8 45. h4 Nf3 46. Kc4 Nd2+ 47. Kd5 Nf1 48. Ke6 Nxg3 49. Kf6 Kb8 50. Kxg6 Kc8 51.
Kf6 Kb8 52. Ke6 Kc8 53. c7 1-0

[Event "*** Titled Tuesday Blitz"]
[Site "Chess.com"]
[Date "2021.03.09"]
[Round "7"]
[White "VladimirPotkin"]
[Black "tandaleo"]
[Result "1/2-1/2"]
[WhiteElo "2607"]
[BlackElo "2364"]
[TimeControl "180+1"]
[EndTime "11:21:58 PST"]
[Termination "Game drawn by repetition"]

1. Nf3 Nf6 2. b3 d5 3. Bb2 c5 4. e3 Nc6 5. Bb5 Bd7 6. O-O e6 7. Bxc6 Bxc6 8. Ne5 Qc7 9. d3 Nd7 10. f4 Bd6 11. Nxc6 Qxc6 12. Bxg7 Rg8 13. Bb2 d4 14. e4 O-O-O 15. Nd2 f5 16. Qf3 Rg4 17. exf5 Qxf3 18.
Nxf3 exf5 19. Bc1 Bxf4 20. Bxf4 Rxf4 21. Rae1 Rg8 22. Ne5 Rxf1+ 23. Kxf1 Re8 24. Nxd7 Rxe1+ 25. Kxe1 Kxd7 26. Kf2 Ke6 27. Kf3 Ke5 28. a4 b6 29.
Kg3 Kf6 30. Kf4 h6 31. h3 h5 32. h4 a6 33. Kf3 Ke5 34. Kg3 f4+ 35. Kf3 Kf5 36.
g3 fxg3 37. Kxg3 Ke5 38. Kf3 a5 39. Kg3 Kf5 40. Kf3 Ke5 41. Kg3 Kf5 42. Kf3 Ke5 1/2-1/2

[Event "*** Titled Tuesday Blitz"]
[Site "Chess.com"]
[Date "2021.03.09"]
[Round "7"]
[White "CM_rui"]
[Black "Ze-Pequeno"]
[Result "0-1"]
[WhiteElo "2371"]
[BlackElo "2269"]
[TimeControl "180+1"]
[EndTime "11:21:58 PST"]
[Termination "Ze-Pequeno won on time"]

1. e4 c6 2. d4 d5 3. Nc3 dxe4 4. Nxe4 h6 5. Nf3 Bf5 6. Nc5 Qc7 7. Bd3 Bxd3 8.
Nxd3 e6 9. O-O Nf6 10. Bf4 Qb6 11.
c4 Be7 12. b4 Nbd7 13. a4 O-O 14. a5 Qd8 15. Qc2 a6 16. Rad1 Re8 17. Nfe5 Nf8 18. Rfe1 Rc8 19. Qe2 Qxd4 20. Nxf7 Qxc4 21. Bxh6 gxh6 22.
Nxh6+ Kh7 23. Nf7 Kg7 24. Qe3 N6d7 25. Nfe5 Nxe5 26. Nxe5 Qh4 27. Rd4 Qf6 28. Rg4+ Kh8 29. Qh3+ Nh7 30. Ng6+ Qxg6 31. Rxg6 Bxb4 32. Rd1 Rcd8 33.
Rf1 e5 34. Qh4 Be7 35. Qh6 Bf8 36. Qh5 Re7 37. Qg4 Bg7 38. f4 Nf6 0-1

[Event "*** Titled Tuesday Blitz"]
[Site "Chess.com"]
[Date "2021.03.09"]
[Round "7"]
[White "lindsay790"]
[Black "Ziyamammadov"]
[Result "1-0"]
[WhiteElo "2199"]
[BlackElo "1787"]
[TimeControl "180+1"]
[EndTime "11:21:58 PST"]
[Termination "lindsay790 won by resignation"]

1. e4 e6 2. d4 d5 3. Nc3 dxe4 4.
Nxe4 Nd7 5. Nf3 Ngf6 6. Ng3 Be7 7. Be2 O-O 8. O-O c5 9. b3 cxd4 10. Nxd4 Ne5 11. Bb2 Bc5 12. Nxe6 Qxd1 13. Raxd1 fxe6 14. Bxe5 Nd5 15. Bc4 Nb6 16. Be2 Bd7 17. Bg4 Rad8 18.
Ne4 Bb4 19. c3 Ba3 20. Bd6 Bxd6 21. Nxd6 Nd5 22. c4 Nf6 23. Bh3 e5 24. Nxb7 Rb8 25.
Bxd7 Rxb7 26. Be6+ Kh8 27. f3 Re7 28. Bh3 Rfe8 29.
Rfe1 e4 30. fxe4 Nxe4 31. Rd7 Rxd7 32. Bxd7 Re7 33. Bc6 Rc7 34. Bxe4 Re7 35. Kf2 Kg8 36. Ke3 Kf7 37. Kd4 Kf6 38. Rf1+ 1-0

[Event "*** Titled Tuesday Blitz"]
[Site "Chess.com"]
[Date "2021.03.09"]
[Round "7"]
[White "AlexPapasimakopoulos"]
[Black "Kurkusha"]
[Result "1-0"]
[WhiteElo "2590"]
[BlackElo "2370"]
[TimeControl "180+1"]
[EndTime "11:21:59 PST"]
[Termination "AlexPapasimakopoulos won by resignation"]

1. d4 d5 2. c4 e6 3. Nc3 Nf6 4. cxd5 exd5 5. Bg5 Be7 6. e3 c6 7. Bd3 O-O 8. Qc2 h6 9. Bh4 Re8 10. Nf3 Nbd7 11. O-O Ne4 12. Bxe7 Qxe7 13. Rab1 Ndf6 14.
Ne5 Nd6 15. b4 Bd7 16. a4 Rac8 17. Rfc1 b5 18. axb5 cxb5 19. Qa2 Nc4 20. Bxc4 bxc4 21. Qxa7 Bf5 22. Qxe7 Rxe7 23. Ra1 Rb7 24. b5 Kf8 25. f3 Nd7 26. Nxd7+ Bxd7 27. Nxd5 Rxb5 28. e4 Be6 29. Nc3 Rb3 30. Ra2 Rcb8 31. Rcc2 Ke7 32. Kf2 g6 33. d5 Bd7 34. Nd1 Rc8 35. Ne3 c3 36. Nd1 Bb5 37.
Ke3 Kd6 38. Kd4 Rb4+ 39. Ke3 Rb3 40. Ra1 g5 41. Rac1 Ke5 42. Rxc3 Rcxc3+ 43. Nxc3 Bd7 44. g3 f5 45. f4+ gxf4+ 46. gxf4+ Kd6 47. e5+ Kc5 48.
Kd3 Bb5+ 49. Kd2 Kd4 50. d6 Bd7 51. Ne2+ Ke4 52. Rc4+ Kd5 53. Rc7 Be6 54. d7 Rb2+ 55. Kc3 Rb8 56. Nd4 Rd8 57. Nxe6 Kxe6 58. Rc6+ Ke7 59.
Rxh6 Kxd7 60. Rd6+ Ke7 61. Rxd8 Kxd8 62. Kd4 1-0

[Event "*** Titled Tuesday Blitz"]
[Site "Chess.com"]
[Date "2021.03.09"]
[Round "7"]
[White "PowerThinking2650"]
[Black "kamilianin235"]
[Result "1-0"]
[WhiteElo "2424"]
[BlackElo "2267"]
[TimeControl "180+1"]
[EndTime "11:22:00 PST"]
[Termination "PowerThinking2650 won on time"]

1. e4 Nc6 2. d4 d5 3. exd5 Qxd5 4. Be3 e5 5. c4 Qa5+ 6. Bd2 Bb4 7. d5 Nd4 8. Nc3 Bf5 9. Rc1 Nf6 10. a3 Bxc3 11. Bxc3 Qb6 12. b4 c5 13. bxc5 Qxc5 14. Bb4 Qc7 15.
Nf3 Bg4 16. Be2 Nxe2 17. Qxe2 a5 18. Bc3 O-O 19. Bxe5 Qc5 20. Qe3 Qe7 21. Bd4 Qd6 22.
O-O Rfe8 23. Ne5 Nd7 24. Rfe1 f6 25. Nxg4 Rxe3 26. Nxe3 Qxa3 27. c5 Qd3 28. Red1 Qe4 29. f3 Qe7 30. c6 bxc6 31. dxc6 Ne5 32. Nd5 Qd6 33. Bc5 Qb8 34. c7 Qb7 35. Bd6 Kf7 36. Ne7 a4 37. Bxe5 fxe5 38. c8=Q Rxc8 39. Nxc8 a3 40.
Nd6+ 1-0

[Event "*** Titled Tuesday Blitz"]
[Site "Chess.com"]
[Date "2021.03.09"]
[Round "7"]
[White "CzechmVIII"]
[Black "imdvb6307"]
[Result "0-1"]
[WhiteElo "2239"]
[BlackElo "2377"]
[TimeControl "180+1"]
[EndTime "11:22:00 PST"]
[Termination "imdvb6307 won by resignation"]

1. e4 Nc6 2. Nf3 d6 3. d4 Nf6 4. Nc3 Bg4 5. d5 Ne5 6. Nxe5 Bxd1 7. Bb5+ c6 8. dxc6 dxe5 9. c7+ Qd7 10. Bxd7+ Nxd7 11. Kxd1 Rc8 12. Be3 a6 13. Ke2 e6 14. Rad1 Rxc7 15. Rd3 Bb4 16. Rhd1 Ke7 17. Bd2 Bc5 18.
Rg3 g6 19. Bh6 Bd4 20. Be3 Bxc3 21. bxc3 Rhc8 22. Bc1 Rxc3 23. Ba3+ Ke8 24. Rxc3 Rxc3 25. Bd6 Rxc2+ 26. Rd2 Rxd2+ 27. Kxd2 Kd8 28. Kc3 b6 29. a4 Kc8 30. Kc4 Kb7 31. f3 Kc6 32.
Ba3 Nc5 33. a5 Nb7 34. axb6 Kxb6 35. h4 h5 36. g4 Kc6 37. gxh5 gxh5 38. Bb2 Nd6+ 39.
Kb4 Kb6 40. Bxe5 a5+ 41. Ka4 Nb7 42. Bb2 Nc5+ 43. Ka3 Kb5 44. Bc3 a4 45. Bd4 Kc4 46. Bxc5 Kxc5 47. Kxa4 Kd4 48. Kb4 Ke3 49. Kc5 Kxf3 50.
e5 Ke4 51. Kd6 Kf5 52. Ke7 Kxe5 53. Kxf7 Kf5 54. Kg7 e5 55. Kh6 Kg4 56. Kg6 e4 0-1

[Event "*** Titled Tuesday Blitz"]
[Site "Chess.com"]
[Date "2021.03.09"]
[Round "7"]
[White "Khnykin_Nikolay"]
[Black "IECS12"]
[Result "0-1"]
[WhiteElo "2052"]
[BlackElo "2227"]
[TimeControl "180+1"]
[EndTime "11:22:00 PST"]
[Termination "IECS12 won by checkmate"]

1. e4 c5 2. d4 cxd4 3. c3 d3 4.
c4 Nc6 5. Bxd3 g6 6. Nf3 Bg7 7. O-O d6 8. a3 Nf6 9. Bf4 O-O 10. Nc3 Bd7 11. Rc1 Rc8 12. Bb1 Bg4 13. Nd5 Nd7 14. Qd3 Bxb2 15. Rc2 Bg7 16. h3 Bxf3 17. gxf3 Nc5 18.
Qd1 Qd7 19. Kh2 Ne5 20. Be3 Ne6 21. f4 Nxc4 22. Rxc4 Rxc4 23. e5 b6 24. h4 Rd8 25.
h5 dxe5 26. hxg6 hxg6 27. Ba2 Rcc8 28. Qf3 exf4 29. Rd1 fxe3 30. Nf6+ exf6 31. Rxd7 Rxd7 32. Qxe3 Nc5 33. Qh3 Rcd8 34. Bc4 Rd4 35. Bb5 f5 36. Qf3 Be5+ 37. Kg2 Kg7 38. a4 Ne4 39. Qe3 Rd2 40.
Bc6 Rxf2+ 41. Kh3 Rdd2 42. Bxe4 fxe4 43. Qxe4 Rh2+ 44. Kg4 f5+ 45. Qxf5 gxf5+ 46. Kf3 Rd3# 0-1

[Event "*** Titled Tuesday Blitz"]
[Site "Chess.com"]
[Date "2021.03.09"]
[Round "7"]
[White "Nozdrachev_Vladislav"]
[Black "anon219"]
[Result "0-1"]
[WhiteElo "2716"]
[BlackElo "2872"]
[TimeControl "180+1"]
[EndTime "11:22:01 PST"]
[Termination "anon219 won by resignation"]

1. e4 c5 2. Nf3 a6 3. g3 Nc6 4. Bg2 Nf6 5. Nc3 d6 6. d4 Bg4 7. dxc5 dxc5 8. O-O Qxd1 9. Rxd1 Nd4 10. Rxd4 cxd4 11.
Nxd4 e5 12. Nb3 Be7 13. Nd5 Nxd5 14. exd5 Rc8 15. c3 O-O 16. Na5 Rc7 17. Be3 f5 18. h3 Bh5 19. g4 fxg4 20. Nxb7 Rxb7 21. d6 Rxb2 22. dxe7 Re8 23. hxg4 Bg6 24. Bc5 e4 25. Bf1 a5 26. Rd1 h6 27. a4 Rc2 28. Bb5 Rxc3 29.
Rd8 Rxc5 30. Bxe8 Bxe8 31. Rxe8+ Kf7 32. Rg8 Re5 33. Rb8 Kxe7 34. Kg2 Rc5 35. Ra8 Kf6 36. Ra7 g6 37. Kg3 Kg5 38. Re7 Rc3+ 39. Kg2 Kf4 40. Re6 Rc2 41. Rxg6 e3 42. Rxh6 Rxf2+ 43. Kg1 Kxg4 44.
Re6 Kf3 45. Re5 Rg2+ 46. Kh1 Rg4 47. Rf5+ Rf4 48. Rxf4+ Kxf4 49. Kg2 Ke4 50. Kf1 Kd3 51. Ke1 e2 0-1

[Event "*** Titled Tuesday Blitz"]
[Site "Chess.com"]
[Date "2021.03.09"]
[Round "7"]
[White "Kobalia"]
[Black "exoticprincess"]
[Result "1-0"]
[WhiteElo "2740"]
[BlackElo "2868"]
[TimeControl "180+1"]
[EndTime "11:22:02 PST"]
[Termination "Kobalia won by resignation"]

1. e4 c5 2. Nf3 e6 3. g3 d6 4. Bg2 Nf6 5. Qe2 Be7 6. O-O O-O 7. c3 b6 8. Rd1 Ba6 9. d3 Nc6 10. Nbd2 Re8 11. a3 Rc8 12. b4 d5 13. e5 Nd7 14. Rb1 Bb7 15. b5 Na5 16. c4 Bf8 17. h4 g6 18. Nf1 Bg7 19. Bf4 Qc7 20.
N1h2 Rcd8 21. Ng4 Qb8 22. Bg5 h5 23. Nf6+ Nxf6 24. exf6 Bh8 25. Ne5 dxc4 26. dxc4 Bxg2 27. Kxg2 Rxd1 28. Rxd1 Rd8 29. Rxd8+ Qxd8 30. Qf3 Qc8 31. Kh2 Kf8 32. Qe4 Qb7 33. Qd3 Qc7 34. Bh6+ Ke8 35.
Bf4 Bxf6 36. Ng4 Qd8 37. Nxf6+ Qxf6 38. Qe4 Qd8 39. Bg5 Qc8 40. Qf4 Qd7 41. Qb8+ 1-0